 Dungeon Crawl Stone Soup version 0.28.0-53-g5a82cb258f (webtiles) character file.

Game seed: 2499322779424428349

20 Sin92 the Chiller (level 2, -3/20 HPs)
             Began as a Demonspawn Ice Elementalist on July 14, 2022.
             Slain by a worm (8 damage)
             ... on level 2 of the Dungeon.
             The game lasted 00:02:08 (2292 turns).

Sin92 the Chiller (Demonspawn Ice Elementalist)     Turns: 2292, Time: 00:02:09

Health: -3/20      AC:  2    Str:  8    XL:     2   Next: 58%
Magic:  4/5        EV: 12    Int: 16    God:
Gold:   22         SH:  0    Dex: 13    Spells: 4/5 levels left

rFire   . . .      SeeInvis .   b - +0 hand axe
rCold   . . .      Faith    .   (no shield)
rNeg    . . .      Spirit   .   a - +0 robe
rPois   .          Reflect  .   (no helmet)
rElec   .          Harm     .   (no cloak)
rCorr   .          Rampage  .   (no gloves)
Will    .....                   (no boots)
Stlth   ++........              (no amulet)
HPRegen 0.06/turn               (no ring)
MPRegen 0.09/turn               (no ring)

@: lethally poisoned (-3 -> -10)
A: demonic guardian 1
a: no special abilities


You were on level 2 of the Dungeon.
You visited 1 branch of the dungeon, and saw 2 of its levels.

You collected 22 gold pieces.

Inventory:

Hand Weapons
 b - a +0 hand axe (weapon)
Armour
 a - a +0 robe (worn)
Jewellery
 e - a +4 ring of evasion
Scrolls
 c - a scroll of amnesia {unknown}
 d - a scroll of identify {unknown}
 f - a scroll of vulnerability {unknown}


   Skills:
 + Level 0.7 Fighting
 + Level 0.5 Axes
 + Level 2.0 Dodging
 + Level 2.0 Stealth
 + Level 2.2 Spellcasting
 + Level 3.7 Ice Magic


You had 4 spell levels left.
You knew the following spells:

 Your Spells              Type           Power      Damage    Failure   Level
a - Freeze                Ice            52%        1d7       4%          1

Your spell library contained the following spells:

 Spells                   Type           Power      Damage    Failure   Level
 Frozen Ramparts          Ice            26%        1d4       13%         3
 Ozocubu's Armour         Ice            13%        N/A       13%         3
 Slow                     Hex            4%         N/A       21%         1
 Confusing Touch          Hex            1%         N/A       52%         3
 Vampiric Draining        Necr           1%         2d6       52%         3
 Hailstorm                Conj/Ice       7%         3d4       67%         4


Dungeon Overview and Level Annotations

Branches:
Dungeon (2/15)

Altars:


Innate Abilities, Weirdness & Mutations

A weak demonic guardian rushes to your aid.


Message History

f - a scroll labelled MEUCWE LOTI You open the door.
Found a hand crossbow.
There is an open door here.
An adder comes into view.
An adder is nearby!
A worm comes into view.
The adder hisses angrily.
The adder bites you but does no damage.
You hit the adder.
The adder is lightly wounded.
The adder misses you.
You freeze the adder.
The adder is lightly wounded.
The adder seems to slow down.
The adder closely misses you.
You barely miss the adder.
The adder is lightly wounded.
The adder is no longer moving slowly.
The adder closely misses you.
You hit the adder.
The adder is moderately wounded.
The adder barely misses you. The adder bites you but does no damage.
You closely miss the adder.
The adder is moderately wounded.
The adder bites you.
You are poisoned.
The adder poisons you!
You hit the adder but do no damage.
The adder is moderately wounded.
You feel sick. The adder barely misses you. The adder bites you.
You barely miss the adder.
The adder is moderately wounded.
You feel sick. The adder bites you.
A demonic guardian appears!
You are more poisoned.
The adder poisons you! The adder bites you but does no damage.
You closely miss the adder.
The adder is moderately wounded.
You hit the worm.
You feel sick. The adder bites you.
* * * LOW HITPOINT WARNING * * *
The worm bites you!
You die...

#.###.####..........
#.#.###.# ####.######
#....<..# #.# ###.#####
#.# #. ##+## ##
###.####### ##...## #.
...... ..###.....###. #
#.#S###.##.......##.
###.#.w@.##.#.........##
.....)5.....'.........+.
###..#...##.#.........##
#.#.#.###.##.......##
#.###.###.###.....##
#.........# ##...##
#####.##### ##'## #.#
#.# #.# #.#


You could see a worm (ally target), an adder and a friendly shadow imp
(summoned).

Vanquished Creatures
  2 endoplasms (D:1)
  A giant cockroach (D:1)
  A goblin (D:2)
  3 hobgoblins (D:1)
  A quokka (D:1)
  3 ball pythons
  3 bats
  2 kobolds
16 creatures vanquished.

Vanquished Creatures (collateral kills)
  A ball python (D:1)
  A kobold (D:2)
2 creatures vanquished.

Grand Total: 18 creatures vanquished

Notes
Turn   | Place    | Note
-------+----------+-------------------------------------------
     0 | D:1      | Sin92 the Demonspawn Ice Elementalist began the quest for
                  | the Orb.
     0 | D:1      | Reached XP level 1. HP: 13/13 MP: 3/3
   521 | D:1      | Gained mutation: A weak demonic guardian rushes to your
                  | aid. [demonic ancestry]
   521 | D:1      | Reached XP level 2. HP: 6/20 MP: 5/5
  2292 | D:2      | Slain by a worm

Illustrated notes

Levels and vault maps discovered:
D:1:      dpeg_arrival_water_temple_mockup, layout_basic
D:2:      layout_loops_corners, nicolae_wormholes, uniq_jessica

Skill      XL: |  1  2 |
---------------+-------+-----
Dodging        | 2 |  2.0
Stealth        | 2 |  2.0
Fighting       | |  0.7
Axes           | |  0.5
Spellcasting   | |  2.2
Ice Magic      | |  3.7

Action                   || total
-------------------------++-------
Melee: Hand axe          ||    71
 Cast: Freeze            ||     6
 Stab: Sleeping          ||     3
Armor: Robe              ||    22
Dodge: Dodged            ||    54
